cohdb
Replays
Latest Replays
All Replays
Popular Replays
Top Player Replays
Match Explorer
How It Works
Community
CoH3 Stats
Reddit
Sign in to upload your games and track your stats! →
Sign in with Steam
Match 38717849
Unlisted
Match 38717849
Overview
Messages
Build Orders
End
Kettenkrad Recon Vehicle
Construct Infanterie Kompanie
MG 42 Machine Gun Team
Selects Mechanized Battlegroup
GrW 34 Mortar Team
Grenadier Squad
Construct Panzergrenadier Kompanie
251 Medium Carrier
Medical Bunker
Support Elements
Nebelwerfer 42 Rocket Launcher Team
MG 42 Bunker
Forward Retreat Point
Selects Raid Package
Selects Mobile Repair Stations
Panzergrenadier Squad
Nebelwerfer 42 Rocket Launcher Team
Selects StuG Assault Group
Selects UNKNOWN (2160084)
Construct Panzer Kompanie
Panther Heavy Tank
Pioneer Squad
Selects Wespe Self-propelled Artillery
Panther Heavy Tank
251 Medium Carrier
Panzer Officer Quarters
Selects Zeroing Artillery Barrage
Zeroing Artillery Barrage
Panther Heavy Tank
Zeroing Artillery Barrage
Pioneer Squad
Panther Heavy Tank
Panther Heavy Tank
震撼我妈一整年
Monkey Master of Monkeys
恍神
你又破防了吧
ConcernedApe
Luzinit24
UwU
The Governor
0
0
Comments
sign in to comment!
No comments posted yet!